[Event "FIDE World Rapid-ch Open 2018"]
[White "Geller, Jakov"]
[Black "Potkin, Vladimir"]
[Site "St. Petersburg"]
[Round "4.51"]
[Annotator "ChessBase"]
[Result "1/2-1/2"]
[Date "2018.12.26"]
[WhiteElo "2518"]
[BlackElo "2597"]
[PlyCount "207"]
[TimeControl "900+10"]

1. e4 c5 2. Nf3 d6 3. d4 cxd4 4. Nxd4 Nf6 5. Nc3 a6 6. Be3 e5 7. Nf3 Qc7 8. Be2 Be7 9. 0-0 0-0 10. a4 Be6 11. a5 Nbd7 12. Nd2 d5 13. exd5 Nxd5 14. Nxd5 Bxd5 15. Bf3 Be6 16. Ne4 f5 17. Ng5 Bxg5 18. Bd5 Qd6 19. Bb3 Qc6 20. Ba4 Qc7 21. Bxd7 Bxd7 22. Qd5+ Rf7 23. Bxg5 Bc6 24. Qc5 h6 25. Bd2 Rd8 26. Bc3 Rd5 27. Qc4 Qd6 28. Rfe1 e4 29. Re3 f4 30. Rxe4 Rg5 31. Rae1 Qg6 32. g3 fxg3 33. hxg3 Rxg3+ 34. fxg3 Qxg3+ 35. Kh1 Qf3+ 36. Kh2 Qf2+ 37. Kh1 Kh7 38. Qd4 Qxd4 39. Bxd4 Rf4 40. Kg1 Bxe4 41. Rf1 Rg4+ 42. Kf2 Bxc2 43. Bc3 Rf4+ 44. Ke1 Rxf1+ 45. Kxf1 g5 46. Kf2 Kg6 47. Ke3 h5 48. Bb4 Kf6 49. Bd6 h4 50. Bc7 Kf5 51. Bd8 Be4 52. b4 Bc6 53. Be7 Kg4 54. Kf2 Kf4 55. Bd8 Kf5 56. Be7 Kg6 57. Bd8 Kh5 58. Be7 g4 59. Ke3 g3 60. Kf4 Bd7 61. Bd8 Be6 62. Be7 Bd7 63. Bd8 Bc8 64. Be7 Bh3 65. Bd8 Bf1 66. Be7 Bb5 67. Bd8 Be2 68. Be7 g2 69. Bc5 Kg6 70. Bg1 Kf6 71. Ke3 Bf1 72. Kf2 Ke6 73. Bh2 Kd5 74. Kg1 h3 75. Bc7 Bd3 76. Bf4 Be4 77. Be3 Kc4 78. Bc5 Kd5 79. Kh2 Bf5 80. Bf8 Kd4 81. Be7 Ke3 82. Bc5+ Ke2 83. Bg1 Kf1 84. Bc5 Be4 85. Bb6 Bc6 86. Bc5 Bd7 87. Bb6 Ke2 88. Bc5 Kd3 89. Bd6 Kc4 90. Be7 Kb5 91. Bd6 Kc4 92. Be7 Kb5 93. Bd6 b6 94. axb6 Kxb6 95. Be7 Kb5 96. Bd6 Kc4 97. Be7 Kd3 98. Bc5 Ke2 99. Bb6 Kf1 100. Bc5 Bc6 101. Bb6 a5 102. bxa5 Bb7 103. a6 Bxa6 104. Bg1 1/2-1/2

[Event "FIDE World Rapid-ch Open 2018"]
[White "Gutenev, Alexander"]
[Black "Khismatullin, Denis"]
[Site "St. Petersburg"]
[Round "4.52"]
[Annotator "ChessBase"]
[Result "0-1"]
[Date "2018.12.26"]
[WhiteElo "2456"]
[BlackElo "2621"]
[PlyCount "82"]
[TimeControl "900+10"]

1. e4 c5 2. Nf3 d6 3. d4 cxd4 4. Nxd4 Nf6 5. Nc3 a6 6. Be3 e5 7. Nf3 Be7 8. Bc4 0-0 9. 0-0 Qc7 10. Bb3 Be6 11. Bg5 Nbd7 12. Rc1 b5 13. Bxf6 Nxf6 14. Nd5 Bxd5 15. Bxd5 Rac8 16. Qd3 Nxd5 17. Qxd5 Qc4 18. Rfd1 g6 19. c3 Qxd5 20. Rxd5 f5 21. exf5 gxf5 22. a4 bxa4 23. Ra1 Rb8 24. Rd2 Rb3 25. Rxa4 Rfb8 26. Rxa6 Rxb2 27. Rxb2 Rxb2 28. h4 Rb1+ 29. Kh2 h6 30. h5 Kf7 31. Ra8 Bf6 32. Ra7+ Ke6 33. Rh7 f4 34. g4 e4 35. Rxh6 Kf7 36. Nd2 e3 37. fxe3 fxe3 38. Nf3 e2 39. g5 Be5+ 40. Kg2 Rf1 41. g6+ Kg8 0-1

[Event "FIDE World Rapid-ch Open 2018"]
[White "Ragger, Markus"]
[Black "Mikhalevski, Victor"]
[Site "St. Petersburg"]
[Round "4.53"]
[Annotator "ChessBase"]
[Result "1-0"]
[Date "2018.12.26"]
[WhiteElo "2687"]
[BlackElo "2579"]
[PlyCount "144"]
[TimeControl "900+10"]

1. e4 e5 2. Nf3 Nc6 3. Bc4 Bc5 4. d3 Nf6 5. 0-0 0-0 6. c3 d5 7. exd5 Nxd5 8. a4 a5 9. Re1 Bg4 10. Nbd2 Nb6 11. Bb5 Bd6 12. Ne4 Na7 13. h3 Bh5 14. d4 Nxb5 15. axb5 f6 16. Be3 Nc4 17. Qa4 Bf7 18. dxe5 Bxe5 19. Nxe5 Nxe5 20. Rad1 Qc8 21. Bd4 Nc4 22. Bxf6 gxf6 23. Nxf6+ Kh8 24. Rd7 Bg8 25. Qxc4 Qxd7 26. Qxg8+ Rxg8 27. Nxd7 Rad8 28. Ne5 Rd2 29. Nc4 Rd5 30. Nxa5 Rxb5 31. b4 Rg6 32. Re8+ Rg8 33. Re3 Rg6 34. g4 b6 35. Nc4 Rd5 36. Kg2 b5 37. Ne5 Ra6 38. Nd3 Kg8 39. Nc5 Rf6 40. Kg3 Rd1 41. Ne4 Rf8 42. f4 Rg1+ 43. Kf2 Rh1 44. f5 Ra8 45. Kg3 Raa1 46. Nf6+ Kg7 47. Nh5+ Kf7 48. Re6 Rad1 49. Rc6 Rd3+ 50. Kf4 Rhxh3 51. Rxc7+ Kf8 52. Rxh7 Rxc3 53. Kg5 Rc4 54. Rb7 Rxb4 55. Nf4 Re3 56. Ng6+ Ke8 57. f6 Rf3 58. Re7+ Kd8 59. f7 Rc4 60. Re8+ Kc7 61. f8=Q Rxf8 62. Rxf8 b4 63. Rf3 Kd6 64. Nf4 Rc5+ 65. Kf6 Rb5 66. Rb3 Rb8 67. Nd3 Rf8+ 68. Kg5 Rf3 69. Nc1 Rf1 70. Na2 Kc5 71. Rxb4 Rf2 72. Ra4 Kd5 1-0

[Event "FIDE World Rapid-ch Open 2018"]
[White "Sokolov, Andrei"]
[Black "Amin, Bassem"]
[Site "St. Petersburg"]
[Round "4.54"]
[Annotator "ChessBase"]
[Result "0-1"]
[Date "2018.12.26"]
[WhiteElo "2532"]
[BlackElo "2710"]
[PlyCount "126"]
[TimeControl "900+10"]

1. Nf3 Nf6 2. g3 g6 3. Bg2 Bg7 4. 0-0 0-0 5. c4 d6 6. Nc3 e5 7. d3 c6 8. Rb1 a5 9. a3 Re8 10. b4 axb4 11. axb4 h6 12. b5 d5 13. bxc6 bxc6 14. cxd5 Nxd5 15. Nxd5 cxd5 16. Nd2 Nc6 17. Bb2 Be6 18. e3 Qd6 19. Ra1 Reb8 20. Qe2 Rxa1 21. Bxa1 Qa3 22. f4 Nb4 23. fxe5 Qxd3 24. Qxd3 Nxd3 25. Nf3 Ra8 26. Bd4 g5 27. h3 Ra2 28. g4 Bf8 29. Ra1 Rxa1+ 30. Bxa1 Bb4 31. Bd4 Kg7 32. Kf1 Kg6 33. Ke2 Nc1+ 34. Kd1 Nb3 35. Ke2 h5 36. gxh5+ Kxh5 37. Kf2 Kg6 38. Bf1 Bf5 39. Ng1 Nd2 40. Bg2 Ne4+ 41. Bxe4 dxe4 42. Kg2 Kh5 43. Kg3 Be1+ 44. Kg2 Kh4 45. Bb2 Be6 46. Bd4 Bc4 47. Bb2 Kh5 48. Bd4 Kg6 49. e6 Bxe6 50. Ne2 f5 51. Bc3 Bh4 52. Be5 Bc4 53. Ng3 Bb3 54. Ne2 Bd1 55. Nd4 Be1 56. Nc6 Bd2 57. Kf2 f4 58. Bd4 Kh5 59. Ne7 Kh4 60. Nd5 Kxh3 61. Nf6 Bf3 62. Nd5 Bg4 63. Bc3 fxe3+ 0-1

[Event "FIDE World Rapid-ch Open 2018"]
[White "Antipov, Mikhail Al."]
[Black "Zhigalko, Andrey"]
[Site "St. Petersburg"]
[Round "4.55"]
[Annotator "ChessBase"]
[Result "1-0"]
[Date "2018.12.26"]
[WhiteElo "2589"]
[BlackElo "2545"]
[PlyCount "139"]
[TimeControl "900+10"]

1. e4 c5 2. Nf3 d6 3. Bb5+ Bd7 4. c4 Nf6 5. Nc3 g6 6. 0-0 Bg7 7. d4 cxd4 8. Nxd4 0-0 9. Bxd7 Qxd7 10. Qe2 Nc6 11. Nf3 a6 12. Bd2 e6 13. Rfd1 Rfd8 14. Bg5 h6 15. Bf4 Qe7 16. h3 Rac8 17. Rac1 Kh7 18. b3 Ne8 19. Na4 Ne5 20. Nxe5 Bxe5 21. Be3 Rc6 22. Rc2 Qc7 23. Rcd2 Rb8 24. c5 Rd8 25. Rd3 Bf6 26. Qd2 Be7 27. Bxh6 Nf6 28. Qf4 e5 29. Qh4 Nh5 30. Bg5 Bxg5 31. Qxg5 Nf4 32. R3d2 Ne6 33. Qh4+ Kg7 34. Nc3 Rh8 35. Qg3 Rxc5 36. Nd5 Qd8 37. Ne3 Nd4 38. Nf5+ Nxf5 39. exf5 Qh4 40. Qxh4 Rxh4 41. fxg6 f6 42. Rxd6 Re4 43. R1d2 Kxg6 44. g3 a5 45. Rb6 Rd4 46. Re2 Rb4 47. Rxb4 axb4 48. Re4 Rb5 49. g4 f5 50. gxf5+ Kxf5 51. Rc4 e4 52. Kf1 Kf4 53. Rc7 b6 54. Rc6 e3 55. Rc4+ Kf3 56. fxe3 Kxe3 57. Kg2 Ra5 58. Rxb4 Rxa2+ 59. Kg3 Ra6 60. h4 Kd3 61. h5 Ra5 62. Rh4 Kc3 63. b4 Rg5+ 64. Kf4 Rg8 65. Ke5 b5 66. h6 Rh8 67. h7 Kb3 68. Kf5 Ka3 69. Kg6 Ka4 70. Kg7 1-0

[Event "FIDE World Rapid-ch Open 2018"]
[White "Drygalov, Sergey"]
[Black "Vallejo Pons, Francisco"]
[Site "St. Petersburg"]
[Round "4.56"]
[Annotator "ChessBase"]
[Result "0-1"]
[Date "2018.12.26"]
[WhiteElo "2446"]
[BlackElo "2695"]
[PlyCount "80"]
[TimeControl "900+10"]

1. d4 d5 2. Nf3 Nf6 3. c4 dxc4 4. e3 e6 5. Bxc4 c5 6. 0-0 cxd4 7. exd4 Be7 8. Nc3 0-0 9. Bb3 Nc6 10. d5 exd5 11. Nxd5 Nxd5 12. Qxd5 Qxd5 13. Bxd5 Bf6 14. Bg5 Bxb2 15. Rab1 Ba3 16. Rb3 Bc5 17. Rc1 Bb6 18. Be3 Ne7 19. Bc4 Bxe3 20. Rxe3 Nc6 21. Bd5 Bd7 22. Ne5 Nxe5 23. Rxe5 Rac8 24. Rb1 b5 25. Re7 Bf5 26. Rbe1 a5 27. h3 h5 28. Rb7 Rc5 29. Rd1 Bg6 30. Bf3 b4 31. Ra7 Bc2 32. Rdd7 b3 33. axb3 Bxb3 34. h4 a4 35. Rd6 Rfc8 36. Raa6 g6 37. Bc6 Bc4 38. Rb6 a3 39. Bf3 a2 40. Rd1 Be6 0-1

[Event "FIDE World Rapid-ch Open 2018"]
[White "Inarkiev, Ernesto"]
[Black "Petrov, Nikita"]
[Site "St. Petersburg"]
[Round "4.57"]
[Annotator "ChessBase"]
[Result "1/2-1/2"]
[Date "2018.12.26"]
[WhiteElo "2693"]
[BlackElo "2593"]
[PlyCount "108"]
[TimeControl "900+10"]

1. d4 Nf6 2. c4 c6 3. Nf3 d5 4. g3 g6 5. Nc3 Bg7 6. Ne5 Be6 7. Bg2 dxc4 8. e4 Nbd7 9. f4 Nxe5 10. fxe5 Nd7 11. 0-0 Qb6 12. Be3 Qxb2 13. Qe1 0-0 14. Rb1 Qa3 15. Rxb7 Rab8 16. Rc7 Nxe5 17. dxe5 Bxe5 18. Nd5 cxd5 19. Rxa7 Qd6 20. exd5 Bxd5 21. Bxd5 Qxd5 22. Rxe7 Rb2 23. Bf2 Bd4 24. Qe4 Bxf2+ 25. Rxf2 Qd1+ 26. Qe1 Qxe1+ 27. Rxe1 Rxf2 28. Kxf2 Ra8 29. Re2 Ra3 30. Rc2 c3 31. Ke3 Kg7 32. Kd4 f5 33. Kc4 Kf6 34. Kb4 Ra8 35. a4 g5 36. Rxc3 f4 37. gxf4 gxf4 38. a5 Kf5 39. Rc7 h5 40. Rc5+ Kg4 41. Rc4 Rb8+ 42. Ka4 Kf3 43. a6 Ke3 44. Rc3+ Ke2 45. Rc5 f3 46. Re5+ Kd3 47. Rxh5 f2 48. Rf5 Ke2 49. Ka5 f1=Q 50. Rxf1 Kxf1 51. a7 Rh8 52. Kb6 Rh6+ 53. Kb7 Rh7+ 54. Kb6 Rh6+ 1/2-1/2

[Event "FIDE World Rapid-ch Open 2018"]
[White "Kobo, Ori"]
[Black "Piorun, Kacper"]
[Site "St. Petersburg"]
[Round "4.58"]
[Annotator "ChessBase"]
[Result "1/2-1/2"]
[Date "2018.12.26"]
[WhiteElo "2494"]
[BlackElo "2634"]
[PlyCount "155"]
[TimeControl "900+10"]

1. Nf3 d5 2. g3 Nf6 3. Bg2 e6 4. c4 Be7 5. 0-0 0-0 6. d4 dxc4 7. Qc2 b6 8. Nfd2 Nd5 9. Nxc4 Bb7 10. a3 c5 11. dxc5 Bxc5 12. b4 Be7 13. Bb2 Nd7 14. Nbd2 Rc8 15. Qb3 Qc7 16. Rac1 Qb8 17. Rfd1 N5f6 18. Bxb7 Qxb7 19. Nf3 b5 20. Nce5 a6 21. Rxc8 Qxc8 22. Rc1 Qb7 23. Qc2 Nxe5 24. Nxe5 Rd8 25. Qc6 Qa7 26. Qf3 Re8 27. e3 h6 28. h4 Bf8 29. g4 Nd5 30. e4 Nb6 31. Bd4 f6 32. Ng6 Qb7 33. Bxb6 Qxb6 34. e5 fxe5 35. Nxe5 Qa7 36. Qc6 Qe7 37. Ng6 Qf7 38. h5 Rd8 39. Qxa6 Rd4 40. Rc8 Rxg4+ 41. Kf1 Rxg6 42. hxg6 Qxg6 43. Qc6 Qb1+ 44. Ke2 Qb2+ 45. Kf3 Qxa3+ 46. Kg2 Qxb4 47. Qxe6+ Kh7 48. Qf5+ Kg8 49. Qd5+ Kh7 50. Qf5+ Kg8 51. Rb8 Qd6 52. Rxb5 g6 53. Qe4 Kh7 54. Re5 Qf6 55. Rd5 Bg7 56. Qd3 Qe6 57. Rd6 Qg4+ 58. Kf1 Qh5 59. Rd7 Qh1+ 60. Ke2 Qh5+ 61. Kf1 Qh1+ 62. Ke2 Qh5+ 63. Ke1 Qe5+ 64. Kf1 Qa1+ 65. Kg2 Qf6 66. Qd5 h5 67. Rd8 Qf4 68. Rd7 Qg4+ 69. Kf1 Qh3+ 70. Ke2 Qg4+ 71. Ke1 Qg1+ 72. Ke2 Qg4+ 73. Kd2 Kh6 74. Qf7 Qb4+ 75. Ke2 Qe4+ 76. Kf1 Qh1+ 77. Ke2 Qe4+ 78. Kf1 1/2-1/2

[Event "FIDE World Rapid-ch Open 2018"]
[White "Frolyanov, Dmitry"]
[Black "Vastrukhin, Oleg"]
[Site "St. Petersburg"]
[Round "4.59"]
[Annotator "ChessBase"]
[Result "1-0"]
[Date "2018.12.26"]
[WhiteElo "2517"]
[BlackElo "2413"]
[PlyCount "91"]
[TimeControl "900+10"]

1. e4 g6 2. d4 Bg7 3. Nc3 c6 4. f4 d5 5. e5 Nh6 6. Be3 f6 7. Qd2 0-0 8. 0-0-0 Ng4 9. Nf3 Nxe3 10. Qxe3 b5 11. Kb1 Nd7 12. h4 Nb6 13. h5 b4 14. Ne2 Nc4 15. Qf2 Bg4 16. hxg6 hxg6 17. Nc1 Qd7 18. Bd3 Kf7 19. Rde1 Rh8 20. Nh4 Rxh4 21. Rxh4 Qc8 22. Qg3 f5 23. e6+ Ke8 24. Bxc4 dxc4 25. Rxg4 fxg4 26. Qxg4 Kd8 27. Qxg6 Bf6 28. Qe4 Kc7 29. d5 Qa6 30. dxc6 Rd8 31. Qe2 Qxc6 32. g4 a5 33. g5 Bd4 34. Qe4 Qc5 35. Rd1 a4 36. Ne2 Bg7 37. Rxd8 Kxd8 38. Qa8+ Kc7 39. Qxa4 Qe3 40. Nc1 Qd2 41. Qa7+ Kc6 42. Qxe7 Bd4 43. Qd7+ Kb6 44. e7 b3 45. axb3 cxb3 46. Nxb3 1-0

[Event "FIDE World Rapid-ch Open 2018"]
[White "Bazeev, German"]
[Black "Iljiushenok, Ilia"]
[Site "St. Petersburg"]
[Round "4.60"]
[Annotator "ChessBase"]
[Result "1-0"]
[Date "2018.12.26"]
[WhiteElo "2416"]
[BlackElo "2533"]
[PlyCount "89"]
[TimeControl "900+10"]

1. d4 Nf6 2. Nf3 g6 3. c4 Bg7 4. Nc3 0-0 5. Bg5 c5 6. Bxf6 Bxf6 7. dxc5 Na6 8. Qd2 Nxc5 9. h4 h5 10. Rd1 d6 11. g3 Be6 12. b3 a6 13. Bg2 Rb8 14. Nd4 Bd7 15. 0-0 Bg7 16. b4 Ne6 17. Nb3 Rc8 18. c5 Bc6 19. Bxc6 bxc6 20. cxd6 exd6 21. Ne4 d5 22. Nec5 Nxc5 23. Nxc5 Ra8 24. Rc1 Re8 25. e3 Qb6 26. Nb3 Rab8 27. a3 Re4 28. Rc2 Rd8 29. Na5 Re6 30. Rfc1 Rdd6 31. Qd3 Kh7 32. Nb3 Re8 33. Nd4 Rc8 34. Nf3 a5 35. Rb1 axb4 36. axb4 c5 37. Rxc5 Rxc5 38. bxc5 Qxc5 39. Rb7 Kg8 40. Ng5 Qc1+ 41. Kg2 Qc6 42. Rxf7 d4+ 43. e4 Bf6 44. Qb3 Qb6 45. Rf8+ 1-0

[Event "FIDE World Rapid-ch Open 2018"]
[White "Van Foreest, Jorden"]
[Black "Lintchevski, Daniil"]
[Site "St. Petersburg"]
[Round "4.61"]
[Annotator "ChessBase"]
[Result "1/2-1/2"]
[Date "2018.12.26"]
[WhiteElo "2614"]
[BlackElo "2516"]
[PlyCount "88"]
[TimeControl "900+10"]

1. e4 c5 2. Nf3 e6 3. g3 d5 4. exd5 exd5 5. d4 Nc6 6. Bg2 Bg4 7. 0-0 cxd4 8. h3 Bxf3 9. Qxf3 Nf6 10. Bg5 Be7 11. Bxf6 Bxf6 12. Re1+ Ne7 13. Qxd5 Qxd5 14. Bxd5 0-0 15. Be4 Nc8 16. Nd2 Nd6 17. Bd3 Rfe8 18. Kg2 g6 19. h4 Kg7 20. a4 b6 21. Kf3 Rxe1 22. Rxe1 Rc8 23. a5 b5 24. Ne4 Nxe4 25. Bxe4 Rc4 26. Bd3 Ra4 27. Bxb5 Rxa5 28. Bd3 Re5 29. Ra1 Re7 30. Ra5 Rd7 31. Rc5 Bd8 32. Rc6 h5 33. b4 Bb6 34. Rc8 Rd6 35. Re8 Rf6+ 36. Kg2 Re6 37. Rxe6 fxe6 38. Kf3 Kf6 39. Ke4 Bc7 40. Bc4 Bd6 41. b5 Bc7 42. Bd3 Ba5 43. Bc4 Be1 44. Kf3 Ba5 1/2-1/2

[Event "FIDE World Rapid-ch Open 2018"]
[White "Ovchinnikov, Vsevolod"]
[Black "Jumabayev, Rinat"]
[Site "St. Petersburg"]
[Round "4.62"]
[Annotator "ChessBase"]
[Result "0-1"]
[Date "2018.12.26"]
[WhiteElo "2329"]
[BlackElo "2602"]
[PlyCount "143"]
[TimeControl "900+10"]

1. d4 d5 2. c4 dxc4 3. Nf3 Nf6 4. e3 e6 5. Bxc4 c5 6. 0-0 a6 7. a4 Nc6 8. Nc3 Be7 9. dxc5 Qxd1 10. Rxd1 Bxc5 11. Bd2 0-0 12. Na2 Be7 13. Nc1 Bd7 14. Nb3 Rfc8 15. Bc3 Be8 16. Nfd2 Nd7 17. Be2 Nb4 18. Bf3 Rab8 19. a5 Rc7 20. Ra4 Nd3 21. Rc4 Bd8 22. Rxc7 Bxc7 23. Nc4 N3e5 24. Nxe5 Nxe5 25. Be4 Ba4 26. Bc2 Nc6 27. Ra1 Bb5 28. Nd4 Nxd4 29. Bxd4 Bc6 30. Bd3 Rc8 31. Bc3 f5 32. f4 Kf7 33. Kf2 Bd5 34. g3 Bd6 35. Ke2 h6 36. h4 g5 37. hxg5 hxg5 38. Kd2 Rc7 39. Re1 Rd7 40. Kc2 Be7 41. fxg5 Bxg5 42. e4 Bb3+ 43. Kxb3 Rxd3 44. exf5 exf5 45. Re5 Kg6 46. Re6+ Kh5 47. Rb6 Rd7 48. Kc4 Bd8 49. Re6 Bc7 50. Rf6 Kg5 51. Rf8 Bxg3 52. Rg8+ Kf4 53. b4 Bf2 54. b5 Rc7+ 55. Kb4 axb5 56. Bd2+ Be3 57. Be1 Rc1 58. Bh4 Rb1+ 59. Kc3 Ra1 60. Kb4 Rb1+ 61. Kc3 b4+ 62. Kd3 Rd1+ 63. Kc4 Rd4+ 64. Kb3 Kf3 65. Be7 Bd2 66. Rb8 Rd3+ 67. Kc2 Rd7 68. Bf6 f4 69. Rc8 Ke4 70. Rc4+ Kf5 71. Bd4 Be3 72. Rc5+ {[%emt 0:0:19] Ke5} 0-1

[Event "FIDE World Rapid-ch Open 2018"]
[White "Gareyev, Timur"]
[Black "Makarov, Marat"]
[Site "St. Petersburg"]
[Round "4.63"]
[Annotator "ChessBase"]
[Result "1-0"]
[Date "2018.12.26"]
[WhiteElo "2569"]
[BlackElo "2505"]
[PlyCount "55"]
[TimeControl "900+10"]

1. g4 e5 2. Bg2 d5 3. c4 d4 4. b4 c6 5. Qb3 Be6 6. h3 Nd7 7. Nf3 a5 8. Ba3 b5 9. bxa5 bxc4 10. Qc2 Qxa5 11. Bxf8 Kxf8 12. 0-0 f6 13. e3 d3 14. Qd1 Ne7 15. Nc3 Kf7 16. Nh4 Nc5 17. f4 e4 18. f5 Bd5 19. g5 fxg5 20. f6 gxh4 21. Qh5+ Ng6 22. Nxd5 Ne6 23. Bxe4 cxd5 24. Bxd5 Qa6 25. Rab1 Ra7 26. Qf5 Re8 27. Rb4 Qd6 28. Rb5 1-0

[Event "FIDE World Rapid-ch Open 2018"]
[White "Huzman, Alexander"]
[Black "Christiansen, Johan-Sebastian"]
[Site "St. Petersburg"]
[Round "4.65"]
[Annotator "ChessBase"]
[Result "0-1"]
[Date "2018.12.26"]
[WhiteElo "2580"]
[BlackElo "2555"]
[PlyCount "36"]
[TimeControl "900+10"]

1. d4 Nf6 2. c4 c5 3. Nf3 cxd4 4. Nxd4 e5 5. Nb5 d5 6. cxd5 Bb4+ 7. N1c3 0-0 8. a3 Bc5 9. b4 Bxf2+ 10. Kxf2 a6 11. Nd4 exd4 12. Qxd4 Nc6 13. Qc5 Ne5 14. Bf4 Re8 15. g3 Bf5 16. Bg2 Rc8 17. Qd4 Rc4 18. Qd2 Qb6+ 0-1

[Event "FIDE World Rapid-ch Open 2018"]
[White "Levin, Evgeny A."]
[Black "Yakubboev, Nodirbek"]
[Site "St. Petersburg"]
[Round "4.66"]
[Annotator "ChessBase"]
[Result "1/2-1/2"]
[Date "2018.12.26"]
[WhiteElo "2516"]
[BlackElo "2556"]
[PlyCount "65"]
[TimeControl "900+10"]

1. d4 Nf6 2. c4 e6 3. Nf3 b6 4. g3 Ba6 5. Qc2 Bb7 6. Bg2 c5 7. d5 exd5 8. cxd5 Nxd5 9. 0-0 Nc6 10. a3 Be7 11. Rd1 Nc7 12. Nc3 0-0 13. Bf4 Ne6 14. e3 Nxf4 15. exf4 Bf6 16. Ne4 d5 17. Nfg5 Bxg5 18. Nxg5 g6 19. Bxd5 Qe7 20. Re1 Qc7 21. Rad1 Rad8 22. Qc4 Rxd5 23. Rxd5 Na5 24. Qe4 h6 25. Nf3 Bxd5 26. Qxd5 Nc6 27. h4 Rd8 28. Qe4 Nd4 29. h5 Nxf3+ 30. Qxf3 gxh5 31. Qxh5 Qd6 32. Qh4 Kf8 33. Qh5 1/2-1/2

[Event "FIDE World Rapid-ch Open 2018"]
[White "Saric, Ivan"]
[Black "Nihal Sarin"]
[Site "St. Petersburg"]
[Round "4.67"]
[Annotator "ChessBase"]
[Result "1-0"]
[Date "2018.12.26"]
[WhiteElo "2695"]
[BlackElo "2576"]
[PlyCount "57"]
[TimeControl "900+10"]

1. e4 e5 2. Nf3 Nc6 3. Bb5 f5 4. Nc3 fxe4 5. Nxe4 Nf6 6. Nxf6+ Qxf6 7. Qe2 Be7 8. Bxc6 bxc6 9. Qxe5 d6 10. Qxf6 Bxf6 11. d4 0-0 12. Be3 Bg4 13. 0-0-0 Be7 14. Rd3 Bxf3 15. gxf3 Rxf3 16. Rc3 c5 17. dxc5 dxc5 18. Rg1 Raf8 19. Ra3 Bd6 20. Rg2 h5 21. h4 Rh3 22. Ra4 Rf7 23. Rg5 Be7 24. Rxh5 g6 25. Rg4 Kg7 26. Rh6 Rf6 27. h5 Rh1+ 28. Kd2 Rd6+ 29. Ke2 1-0

[Event "FIDE World Rapid-ch Open 2018"]
[White "Gordievsky, Dmitry"]
[Black "Melkumyan, Hrant"]
[Site "St. Petersburg"]
[Round "4.68"]
[Annotator "ChessBase"]
[Result "0-1"]
[Date "2018.12.26"]
[WhiteElo "2614"]
[BlackElo "2670"]
[PlyCount "80"]
[TimeControl "900+10"]

1. d4 Nf6 2. Nf3 g6 3. Nbd2 d5 4. e3 Bg7 5. b4 0-0 6. Bb2 a5 7. b5 c5 8. c4 Nbd7 9. Be2 b6 10. 0-0 Bb7 11. Rc1 Rc8 12. Qb3 Re8 13. cxd5 Bxd5 14. Bc4 e6 15. Ba3 Qc7 16. h3 Qb7 17. dxc5 Nxc5 18. Bxd5 exd5 19. Qb1 Nfe4 20. Bxc5 bxc5 21. Nxe4 Rxe4 22. Rfd1 Rb4 23. Qd3 d4 24. exd4 c4 25. Qc3 Qxb5 26. Ne5 h5 27. Rc2 Qd5 28. Rdc1 Rc7 29. Qg3 Qd6 30. Nxc4 Qxg3 31. fxg3 Bxd4+ 32. Kf1 a4 33. Ke2 Kg7 34. Kd3 Rd7 35. Ke2 Re7+ 36. Kd3 Bf6 37. Rd1 Rb5 38. Ne3 Bg5 39. Re1 Rb8 40. Ree2 Rd8+ {[%emt 0:0:5] Kd4} 0-1

[Event "FIDE World Rapid-ch Open 2018"]
[White "Sanikidze, Tornike"]
[Black "Jones, Gawain C B"]
[Site "St. Petersburg"]
[Round "4.69"]
[Annotator "ChessBase"]
[Result "1-0"]
[Date "2018.12.26"]
[WhiteElo "2507"]
[BlackElo "2682"]
[PlyCount "83"]
[TimeControl "900+10"]

1. d4 Nf6 2. c4 g6 3. f3 c5 4. d5 Bg7 5. Nc3 0-0 6. e4 d6 7. Nge2 e6 8. Ng3 exd5 9. cxd5 Nh5 10. Nxh5 gxh5 11. Be3 Nd7 12. Qd2 Ne5 13. Be2 f5 14. 0-0 Ng6 15. f4 h4 16. Bd3 Qf6 17. e5 dxe5 18. fxe5 Nxe5 19. Bxc5 Re8 20. Nb5 h3 21. Nc7 hxg2 22. Qxg2 Rd8 23. Be2 b6 24. Be3 Bb7 25. Nxa8 Bxd5 26. Qg5 Qxg5+ 27. Bxg5 Rxa8 28. Rxf5 Be6 29. Rf2 Ng6 30. Bf6 Bh6 31. Bf3 Rf8 32. Bd4 Nh4 33. Be4 Re8 34. Re1 Ng6 35. Bd5 Bxd5 36. Rxe8+ Bf8 37. b3 Bf7 38. Ra8 Bd5 39. Rxa7 b5 40. Rd7 Ne7 41. Rxf8+ Kxf8 42. Bc5 1-0

[Event "FIDE World Rapid-ch Open 2018"]
[White "Zakhartsov, Vladimir"]
[Black "Grigoriants, Sergey"]
[Site "St. Petersburg"]
[Round "4.70"]
[Annotator "ChessBase"]
[Result "0-1"]
[Date "2018.12.26"]
[WhiteElo "2486"]
[BlackElo "2540"]
[PlyCount "68"]
[TimeControl "900+10"]

1. e4 c6 2. d4 d5 3. Nc3 dxe4 4. Nxe4 Bf5 5. Ng3 Bg6 6. h4 h6 7. Nf3 e6 8. Ne5 Bh7 9. f4 Nf6 10. Bd3 Qxd4 11. c3 Qd5 12. Qe2 Bxd3 13. Nxd3 Nbd7 14. b3 Be7 15. c4 Qa5+ 16. Bd2 Qc7 17. Bc3 0-0 18. 0-0-0 b5 19. Ne5 Rad8 20. Rde1 bxc4 21. Qxc4 Nd5 22. Bd2 Nxe5 23. fxe5 f5 24. Nh5 Qd7 25. Ba5 Rb8 26. Rd1 Rb5 27. b4 Qe8 28. a4 Rxa5 29. Nxg7 Kxg7 30. bxa5 Qb8 31. Rh3 Qxe5 32. Rdd3 Rb8 33. Rb3 Qe1+ 34. Kc2 Nb4+ 0-1

[Event "FIDE World Rapid-ch Open 2018"]
[White "Kovalev, Vladislav"]
[Black "Drygalov, Andrey"]
[Site "St. Petersburg"]
[Round "4.71"]
[Annotator "ChessBase"]
[Result "1-0"]
[Date "2018.12.26"]
[WhiteElo "2683"]
[BlackElo "2481"]
[PlyCount "147"]
[TimeControl "900+10"]

1. e4 c5 2. Nf3 e6 3. d4 cxd4 4. Nxd4 Nc6 5. Nc3 Qc7 6. Be2 a6 7. 0-0 Nf6 8. Be3 Be7 9. f4 d6 10. a4 0-0 11. Qd2 Bd7 12. Nb3 b6 13. g4 d5 14. e5 Ne8 15. Nd4 Bc5 16. Nxc6 Bxc6 17. Bd4 Bb7 18. Rfd1 f6 19. Qe3 fxe5 20. fxe5 Rc8 21. h3 Qe7 22. Rd2 g5 23. Rf1 Rxf1+ 24. Bxf1 Ng7 25. Bd3 Bxd4 26. Qxd4 Qc5 27. Ne2 Rf8 28. Rd1 Rf3 29. Kg2 Qf8 30. Ng3 Rf4 31. Qxb6 Rb4 32. Qc7 d4+ 33. Ne4 Ne8 34. Qd8 Ng7 35. Qxg5 Rxb2 36. Rf1 Qc8 37. Qf4 Qe8 38. Kg3 Bxe4 39. Qxe4 Qg6 40. Qxd4 Qg5 41. Qe4 Nf5+ 42. Kh2 Qd2+ 43. Kg1 Qe3+ 44. Qxe3 Nxe3 45. Rf6 Rb6 46. Kf2 Nd5 47. Rh6 Nf4 48. Ke3 Rb4 49. a5 Nd5+ 50. Kd2 Nf4 51. Bxh7+ Kg7 52. g5 Rb5 53. h4 Rxa5 54. Ke3 Nd5+ 55. Kd4 Ra4+ 56. c4 Nf4 57. Be4 Ra1 58. Rh7+ Kg8 59. Ra7 Ne2+ 60. Ke3 Ng3 61. Bh7+ Kh8 62. Bd3 Ra3 63. Kd4 Kg8 64. g6 a5 65. Ra8+ Kg7 66. Ra7+ Kg8 67. c5 Ra4+ 68. Ke3 Ra3 69. Kd4 Ra4+ 70. Kc3 Ra3+ 71. Kc2 Ra2+ 72. Kb3 Rd2 73. Bc4 a4+ 74. Ka3 1-0

[Event "FIDE World Rapid-ch Open 2018"]
[White "Yuffa, Daniil"]
[Black "Dzhumagaliev, Yan"]
[Site "St. Petersburg"]
[Round "4.72"]
[Annotator "ChessBase"]
[Result "1-0"]
[Date "2018.12.26"]
[WhiteElo "2572"]
[BlackElo "2410"]
[PlyCount "77"]
[TimeControl "900+10"]

1. d4 Nf6 2. c4 e6 3. g3 Bb4+ 4. Bd2 Qe7 5. Bg2 Nc6 6. e3 d5 7. a3 Bxd2+ 8. Nxd2 0-0 9. Ne2 Na5 10. cxd5 exd5 11. Nf4 c5 12. dxc5 d4 13. e4 Nc6 14. b4 a5 15. 0-0 Be6 16. Nxe6 fxe6 17. Qb3 Kh8 18. Nc4 axb4 19. axb4 Rxa1 20. Rxa1 Ng4 21. h3 Nf6 22. b5 Nd8 23. e5 Nd5 24. Nd6 Nc3 25. Qc4 Nf7 26. Re1 Nxd6 27. cxd6 Qd7 28. Qxd4 Nxb5 29. Qb6 Nc3 30. Qxb7 Qa4 31. Qe7 Rg8 32. Qxe6 Qd4 33. Qg4 Qd2 34. Ra1 Rf8 35. Qf3 Rg8 36. Kh2 h6 37. Ra8 Qd4 38. Rxg8+ Kxg8 39. d7 1-0

[Event "FIDE World Rapid-ch Open 2018"]
[White "Maghsoodloo, Parham"]
[Black "Zvjaginsev, Vadim"]
[Site "St. Petersburg"]
[Round "4.73"]
[Annotator "ChessBase"]
[Result "1-0"]
[Date "2018.12.26"]
[WhiteElo "2688"]
[BlackElo "2642"]
[PlyCount "99"]
[TimeControl "900+10"]

1. e4 c5 2. Nf3 Nc6 3. Bb5 g6 4. 0-0 Bg7 5. Re1 e5 6. Bxc6 bxc6 7. c3 Ne7 8. d4 cxd4 9. cxd4 exd4 10. Nxd4 0-0 11. Nc3 Rb8 12. Nb3 d5 13. Bg5 d4 14. Na4 h6 15. Bh4 Be6 16. Nac5 Bxb3 17. axb3 Rb5 18. Nd3 a5 19. Qc2 Re8 20. Bxe7 Rxe7 21. b4 axb4 22. Qxc6 Rb8 23. Rec1 b3 24. f3 Re8 25. Qc4 Qg5 26. f4 Qg4 27. Ra7 Rf8 28. Re1 h5 29. e5 Rb6 30. Qxd4 Rbb8 31. Qc4 h4 32. h3 Qf5 33. Rc7 Rfd8 34. Re3 Rb6 35. Re4 Bf8 36. Kh2 Qe6 37. Qxe6 fxe6 38. Rc3 Rb5 39. g3 Rbd5 40. Re3 Bc5 41. Rf3 Bd4 42. Rxb3 g5 43. fxg5 Bxe5 44. Nxe5 hxg3+ 45. Kxg3 Rxe5 46. h4 Re4 47. Rfe3 Rc4 48. Rbd3 Rf8 49. b3 Rb4 50. Rf3 1-0